 Dungeon Crawl Stone Soup version 0.31-a0-986-g5e6e4ef867 (webtiles) character file.

Game seed: 7706755337036407032

501 avis the Ducker (level 6, 28/28 HPs)
             Began as a Felid Artificer on Nov 12, 2023.
             Got out of the dungeon alive.
             The game lasted 00:29:07 (4873 turns).

avis the Ducker (Felid Artificer)                   Turns: 4873, Time: 00:29:07

Health: 28/28      AC:  2    Str: 10    XL:     6   Next: 95%
Magic:  8/8        EV: 20    Int: 13    God:
Gold:   206        SH:  0    Dex: 16    Spells: 5/7 levels left
                                        Lives:  1   Deaths: 1

rFire   . .          .
                       - Unarmed
rCold   . . .        (shield unavailable)
rNeg    . . .        (body armour unavailable)
rPois   .            (helmet unavailable)
rElec   .            (cloak unavailable)
rCorr   .            (gloves unavailable)
SInv    +            (boots unavailable)
Will    .....        p - amulet of regeneration
Stlth   ++           (no ring)
HPRegen 1.04/turn    (no ring)
MPRegen 0.11/turn

%: no passive effects
@: quick
A: very small, claws 1, fangs 3, see invisible, speed 1, shaggy fur 2, stealthy
paws, no weapons or thrown items, no armour, multi-lived
a: no special abilities


You escaped.
You visited 1 branch of the dungeon, and saw 5 of its levels.

You collected 206 gold pieces.

Inventory:

Jewellery
 c - the ring of the Good {Drain rElec rC- Int+8 Dex+6}
   (You found it on level 5 of the Dungeon)

   [ring of dexterity]

   Int+8:     It affects your intelligence (+8).
   Dex+6:     It affects your dexterity (+6).
   rC-:       It makes you vulnerable to cold.
   rElec:     It insulates you from electricity.
   Drain:     It drains your maximum health when unequipped.
 p - an amulet of regeneration (around neck)
 y - an amulet of reflection
Wands
 a - a wand of flame (21) (quivered)
 b - a wand of charming (12)
 r - a wand of digging (6)
Scrolls
 d - a scroll of torment {unknown}
 f - 3 scrolls of identify
 g - a scroll of enchant weapon {unknown}
 j - 2 scrolls of blinking {unknown}
 k - 3 scrolls of teleportation {unknown}
 l - a scroll of fog {unknown}
 o - a scroll of vulnerability {unknown}
 q - a scroll of revelation {unknown}
 w - 3 scrolls of enchant armour {unknown}
 z - 2 scrolls of acquirement {unknown}
Potions
 e - a potion of enlightenment
 h - a potion of might
 i - a potion of haste {unknown}
 n - a potion of cancellation {unknown}
 s - a potion of berserk rage {unknown}
 t - a potion of ambrosia {unknown}
 v - a potion of curing {unknown}
 x - a potion of invisibility {unknown}


   Skills:
 - Level 4.0 Fighting
 - Level 6.0 Dodging
 - Level 2.0 Stealth
 * Level 3.4 Unarmed Combat
 - Level 1.0 Spellcasting
 - Level 1.0 Transmutations
 - Level 4.0 Evocations


You had 5 spell levels left.
You knew the following spells:

 Your Spells              Type           Power      Damage    Failure   Level
e - Wereblood             Tmut           3%         N/A       28%         2

Your spell library contained the following spells:

 Spells                   Type           Power      Damage    Failure   Level
 Ensorcelled Hibernation  Hex/Ice        0%         N/A       38%         2
 Jinxbite                 Hex            0%         N/A       38%         2
 Sublimation of Blood     Necr           0%         N/A       38%         2
 Anguish                  Hex/Necr       0%         N/A       95%         4
 Malign Gateway           Summ/Tloc      0%         N/A       100%        7
 Summon Hydra             Summ           0%         N/A       100%        7
 Summon Horrible Things   Summ           0%         N/A       100%        8


Dungeon Overview and Level Annotations

Branches:
Dungeon (5/15)
 Temple: D:4-7

Altars:
Fedhas
Qazlal
Sif Muna
Trog

Shops:
D:3 *

Annotations:
D:4 2 transporters, Pikel; gelatine's ghost, amateur KoBr
D:5 exclusion: phantom


Innate Abilities, Weirdness & Mutations

You have sharp claws.
You have razor-sharp teeth.
You have supernaturally acute eyesight. (SInv)
You cover ground quickly. (Speed+)
You are covered in thick fur. (AC +2)
Your paws help you pounce on unaware monsters.
You are incapable of wielding weapons or throwing items.
You cannot wear armour.
You gain extra lives every three experience levels.


Message History

Press: ? - help, Shift-Dir - straight line, f/p - Pikel
Aim: Pikel, wielding a +2 whip of flaming, wearing a +1 robe of willpower and carrying a wand of mindburst (lightly wounded, 64% to hit)
The puff of flame misses Pikel.
You turn into a tree.
Your roots penetrate the ground.
Pikel hits you but does no damage.
You barely miss Pikel.
Pikel is lightly wounded.
Pikel hits you with a +2 whip of flaming.
* * * LOW HITPOINT WARNING * * *
Pikel burns you.
* * * LOW HITPOINT WARNING * * *
Okay, then.
As you read the scroll labelled OZITYX QISOREA, it crumbles to dust.
It is a scroll of identify.
h - a potion of might Pikel says, "Hell isn't that bad."
Pikel zaps a wand.
Your mind is blasted!
You die...
Your shape twists and changes as you die.
You feel less wooden.
You rejoin the land of the living...
Gelatine's ghost turns its malevolent gaze towards you.
There is a stone staircase leading up here.
You climb upwards.
There is a stone staircase leading down here.
What level of the Dungeon? (default 4, ? - help)
You see here a +0 whip.
You see here a +0 leather armour.
Things that are here:
a +0 dagger; a +1 sling of flaming
There is a stone staircase leading up here.
You climb upwards.
There is a stone staircase leading down here.
Things that are here:
a +0 club; a goblin skeleton
There is a stone staircase leading up here.
You climb upwards.
There is a stone staircase leading down here.
There is a staircase leading out of the dungeon here.
You have escaped!

###.# #....P.P.....##..>.....
#.#.# #...P#~#P.##.##........
.#..# #...##~##..#.##...####.
#...# ###...~~~~~.........##...
...## #.....##~##.##.####....#.
..## #.....P#~#P.....# #......
#.# #......P.P..##..###..####
..#######...........##...........
.#.#......#.....@.......#######.#
...#>####.##............# #..
#.#..####.###..P.P......# #..
.....##...##..P#~#P.....# #[#
.#.#.##.#.##..##~##.....# #.#
.....##.#.##..~~~~~.....# #.#
#.#.......##..##~##.....# #.#
....##...#....P#~#P..##.# #..
.#.......#.....P.P..###.# ##.


There were no monsters in sight!

Vanquished Creatures
  An ogre (D:4)
  A tengu (D:4)
  A lemure (D:4)
  2 scorpions
  An iguana (D:4)
  Robin (D:3)
  2 gnolls (D:3)
  6 adders
  A worm (D:3)
  3 dart slugs
  3 orcs
  3 ball pythons
  3 endoplasms
  4 giant cockroaches
  12 goblins
  11 hobgoblins
  9 jackals
  3 quokkas
  4 bats
  3 frilled lizards
  8 kobolds
  3 rats
85 creatures vanquished.

Vanquished Creatures (collateral kills)
  An endoplasm (D:3)
  A kobold (D:3)
  A quokka (D:3)
  A ball python (D:3)
4 creatures vanquished.

Vanquished Creatures (others)
  A gnoll (D:3)
1 creature vanquished.

Grand Total: 90 creatures vanquished

Notes
Turn   | Place    | Note
-------+----------+-------------------------------------------
     0 | D:1      | avis the Felid Artificer began the quest for the Orb.
     0 | D:1      | Reached XP level 1. HP: 9/9 MP: 2/2
   368 | D:1      | Reached XP level 2. HP: 12/12 MP: 3/3
   377 | D:1      | Found a faded altar of an unknown god.
   936 | D:2      | Reached XP level 3. HP: 10/16 MP: 4/4
   970 | D:2      | Reached skill level 1 in Unarmed Combat
  1338 | D:2      | Identified the +3 leather armour of Grottiness {rC+ rN++
                  | rCorr Slay+3}
  1518 | D:2      | Reached skill level 4 in Dodging
  2006 | D:3      | Reached XP level 4. HP: 19/19 MP: 5/5
  2253 | D:3      | Found a blossoming altar of Fedhas.
  2562 | D:3      | Noticed Robin
  2589 | D:2      | Reached skill level 5 in Dodging
  2623 | D:3      | Killed Robin
  2624 | D:3      | Reached XP level 5. HP: 22/22 MP: 6/6
  2741 | D:3      | Found Daniolol's General Store.
  2973 | D:4      | Identified the of Oqismeaz
  2973 | D:4      | Identified the "Mexemah"
  2973 | D:4      | Identified the of Efent
  3013 | D:4      | Found a bloodstained altar of Trog.
  3069 | D:4      | Noticed gelatine's ghost (amateur KoBr)
  3069 | D:4      | Found a transporter.
  3174 | D:4      | Found a shimmering blue altar of Sif Muna.
  3389 | D:4      | Noticed an ogre
  3389 | D:4      | Noticed an ogre
  3653 | D:4      | an ogre changed into a tengu
  3653 | D:4      | Noticed a tengu
  3670 | D:4      | Killed a tengu
  3671 | D:4      | Gained mutation: You are covered in thick fur. (AC +2)
                  | [Felid growth]
  3671 | D:4      | Reached XP level 6. HP: 9/28 MP: 7/7
  3704 | D:4      | Learned a level 2 spell: Wereblood
  3787 | D:4      | Found a stormy altar of Qazlal.
  3821 | D:4      | Reached skill level 6 in Dodging
  3821 | D:4      | Reached skill level 1 in Transmutations
  3881 | D:4      | Found a transporter.
  4021 | D:5      | Entered Level 5 of the Dungeon
  4331 | D:5      | Identified the ring of the Good {Drain rElec rC- Int+8
                  | Dex+6}
  4441 | D:4      | Reached skill level 1 in Spellcasting
  4447 | D:5      | Noticed an ice beast
  4551 | D:5      | Noticed Pikel
  4746 | D:4      | Blown up by Pikel
  4873 | D:$      | Got out of the dungeon alive.

Illustrated notes

Levels and vault maps discovered:
D:1:      eino_arrival_water_cross, layout_loops_cross,
          shapermc_ecumenical_altar_mp_ritualfount, minmay_misc_feat_enclosed,
          hex_large
D:2:      layout_basic
D:3:      layout_loops_cross, mainiacjoe_overflow_boulevard, serial_shops, shop,
          minmay_pentomino_pile, uniq_robin
D:4:      minmay_recursive_quarters, layout_loops_ring,
          mainiacjoe_overflow_small_starburst, nicolae_qazlal_scattered_showers,
          mainiacjoe_overflow_24_doors, gammafunk_ghost_stat_death,
          kennysheep_generic_room_10
D:5:      layout_basic, serial_curves, eino_curves_01, eino_curves_01,
          uniq_pikel

Skill      XL: |  1  2  3  4  5  6 |
---------------+-------------------+-----
Evocations     | 4 |  4.0
Stealth        | 2 |  2.0
Fighting       | 2 3 4 |  4.0
Unarmed Combat | 1 2 3 |  3.4
Dodging        | 4 5 6 |  6.0
Transmutations | 1 |  1.0
Spellcasting   | 1 |  1.0

Action                     |  1- 3 |  4- 6 || total
---------------------------+-------+-------++-------
  Melee: Unarmed           |    73 |   210 ||   283
         Bite              |    15 |    22 ||    37
         Punch             |     1 |     4 ||     5
  Evoke: Wand              |    12 |    22 ||    34
    Use: Potion            |       |     3 ||     3
         Scroll            |       |     1 ||     1
   Stab: Sleeping          |    11 |     3 ||    14
         Distracted        |       |     1 ||     1
 Armour: Skin              |    20 |    77 ||    97
  Dodge: Dodged            |    50 |   158 ||   208

Table legend: (Time is in decaauts)
 A = Elapsed time spent in this place.
 B = Non-inter-level travel time spent in this place.
 C = Inter-level travel time spent in this place.
 D = Time resting spent in this place.
 E = Time spent auto-exploring this place.
 F = Levels seen in this place.
 G = Mean time per level.
                   A        B        C        D        E       F      G
               +--------+--------+--------+--------+--------+-----+--------+
         Total |   4119 |   3627 |    492 |    490 |   1733 |   5 |  823.8 |
       Dungeon |   4119 |   3627 |    492 |    490 |   1733 |   5 |  823.8 |
               +--------+--------+--------+--------+--------+-----+--------+

Top non-repeatable levels by time:
     D:4: 1131 daAuts
     D:3: 1028 daAuts
     D:2: 976 daAuts
     D:1: 654 daAuts
     D:5: 328 daAuts
